 Dungeon Crawl Stone Soup version 0.32-a0-599-gba8f9cf90e (webtiles) character file.

Game seed: 8886450704495343844

103 growler the Charlatan (level 4, -1/35 HPs)
             Began as a Coglin Artificer on Mar 2, 2024.
             Slain by a gnoll
             ... wielding a +0 spear
              (3 damage)
             ... on level 3 of the Dungeon.
             The game lasted 00:05:21 (2166 turns).

growler the Charlatan (Coglin Artificer)            Turns: 2166, Time: 00:05:21

Health: -1/35      AC:  4    Str: 14    XL:     4   Next: 79%
Magic:  4/4        EV: 11    Int: 11    God:
Gold:   100        SH:  0    Dex: 14    Spells: 3/3 levels left

rFire   . . .        a - +0 club {Miranda}
rCold   . . .        f - +0 dagger {Lufti}
rNeg    . . .        b - +0 leather armour
rPois   .            (no helmet)
rElec   .            (no cloak)
rCorr   .            l - +0 pair of gloves
SInv    .            (no boots)
Will    .....        (amulet unavailable)
Stlth   +            (ring unavailable)
HPRegen 0.25/turn    (ring unavailable)
MPRegen 0.09/turn    (no gizmo)

%: no passive effects
@: revving
A: off-hand wielding, slow wielding, warmup strikes, no jewellery
a: Invent Gizmo


You were on level 3 of the Dungeon.
You visited 1 branch of the dungeon, and saw 3 of its levels.

You collected 100 gold pieces.

Inventory:

Hand Weapons
 a - a +0 club (weapon) {Miranda}
 f - a +0 dagger (offhand) {Lufti}
Armour
 b - a +0 leather armour (worn)
 l - a +0 pair of gloves (worn)
Wands
 c - a wand of flame (13) (quivered)
 d - a wand of charming (15)
 e - a wand of iceblast (4)
 n - a wand of roots (12)
Scrolls
 g - a scroll of fog {unknown}
 i - 3 scrolls of identify {unknown}
 j - a scroll of revelation {unknown}
 o - a scroll of poison {unknown}
 p - a scroll of immolation {unknown}
Potions
 h - a potion of enlightenment {unknown}
 k - a potion of curing {unknown}
 m - a potion of heal wounds {unknown}


   Skills:
 + Level 3.1 Fighting
 - Level 1.7 Armour
 - Level 0.8 Dodging
 - Level 0.7 Stealth
 + Level 5.7 Evocations


You had 3 spell levels left.
You didn't know any spells.
Your spell library contained the following spells:

 Spells                   Type           Power      Damage    Failure   Level
 Magic Dart               Conj           0%         1d3       41%         1
 Searing Ray              Conj           0%         2d4       54%         2
 Fulminant Prism          Conj/Alch      0%         3d5       99%         4


Dungeon Overview and Level Annotations

Branches:
Dungeon (3/15)

Altars:


Innate Abilities, Weirdness & Mutations

You can wield a second weapon in your off-hand.
It takes a long time for you to wield or remove held weapons.
Your first few attacks do less damage.
You cannot equip rings or amulets.


Message History

A gnoll comes into view. It is wielding a +0 spear.
A gnoll comes into view. It is wielding a +0 spear.
The gnoll shouts! x2; You hear a shout!
An adder comes into view.
Hit: a) +0 club {Miranda}
Press: ? - help, Dir - move target, f - you
Okay, then.
Unknown command.
Aiming: Throw Flame
Press: ? - help, Shift-Dir - straight line, f - gnoll
Aim: a gnoll, wielding a +0 spear (77% to hit)
The puff of flame hits the gnoll.
The gnoll is heavily wounded.
The adder hisses angrily.
A gnoll comes into view. It is wielding a +0 flail.
The gnoll hits you with a +0 spear.
The gnoll hits you from afar with a +0 spear!
You hit the gnoll but do no damage.
The gnoll is heavily wounded.
You barely miss the gnoll with your +0 club.
An endoplasm comes into view.
The gnoll hits you with a +0 spear! The gnoll closely misses you. x2
The endoplasm moves out of view.
You barely miss the gnoll with your +0 club.
The gnoll is heavily wounded.
You closely miss the gnoll with your +0 dagger.
The gnoll hits you from afar with a +0 spear!
* * * LOW HITPOINT WARNING * * *
The gnoll closely misses you.
Unknown command.
Aiming: Fastroot
Press: ? - help, Shift-Dir - straight line, f/p - gnoll
Aim: a gnoll, wielding a +0 spear (heavily wounded)
The roots erupt in riotous growth!
Roots grab the gnoll. x2
The grasping roots constrict the gnoll.
The grasping roots constrict the gnoll!
The gnoll hits you from afar with a +0 spear.
* * * LOW HITPOINT WARNING * * *
The gnoll hits you with a +0 spear.
You die...

#.# #.# ### #.# #.#
#.# #
#######.###.##.##.#
#.<.)..............
#.####..###.##.....
#. #..# #.# #.# #.
#..# #@# #. #..#
#g# #. #..# #g# #.
...#


#Sg ## #..# #... #.... ...... #....## ...... You could see 3 gnolls and an
adder.

Vanquished Creatures
  Jessica (D:2)
  2 gnolls
  2 adders (D:2)
  3 endoplasms (D:1)
  2 giant cockroaches (D:1)
  6 goblins
  4 hobgoblins
  5 quokkas
  8 ball pythons
  2 bats (D:1)
  4 frilled lizards
  A rat (D:2)
40 creatures vanquished.

Notes
Turn   | Place    | Note
-------+----------+-------------------------------------------
     0 | D:1      | growler the Coglin Artificer began the quest for the Orb.
     0 | D:1      | Reached XP level 1. HP: 15/15 MP: 1/1
    89 | D:1      | Reached XP level 2. HP: 22/22 MP: 2/2
   388 | D:1      | Reached XP level 3. HP: 20/27 MP: 3/3
   759 | D:1      | Reached skill level 5 in Evocations
  1003 | D:2      | Noticed Jessica
  1026 | D:2      | Killed Jessica
  1027 | D:2      | Reached XP level 4. HP: 7/34 MP: 4/4
  1344 | D:2      | Found a faded altar of an unknown god.
  2166 | D:3      | Slain by a gnoll

Illustrated notes

Levels and vault maps discovered:
D:1:      tarquinn_simple_flora_water_c, layout_basic, minivault_26,
          minmay_misc_feat_diagonals, minmay_cupped
D:2:      layout_loops_ring, nicolae_ecumenical_snake_handling,
          nicolae_elevator_lobby_plus, uniq_jessica
D:3:      layout_basic, portal_sewer_entry_f

Skill      XL: |  1  2  3  4 |
---------------+-------------+-----
Fighting       | 2 3 |  3.1
Evocations     | 5 |  5.7
Armour         | |  1.7
Dodging        | |  0.8
Stealth        | |  0.7

Action                     |  1- 3 |  4- 6 || total
---------------------------+-------+-------++-------
  Melee: Dagger            |    59 |    51 ||   110
         Club              |    58 |    47 ||   105
  Evoke: Wand              |     2 |     2 ||     4
   Stab: Sleeping          |     1 |       ||     1
 Armour: Leather armour    |    44 |    41 ||    85
  Dodge: Dodged            |    33 |    30 ||    63

Table legend: (Time is in decaauts)
 A = Elapsed time spent in this place.
 B = Non-inter-level travel time spent in this place.
 C = Inter-level travel time spent in this place.
 D = Time resting spent in this place.
 E = Time spent auto-exploring this place.
 F = Levels seen in this place.
 G = Mean time per level.
                   A        B        C        D        E       F      G
               +--------+--------+--------+--------+--------+-----+--------+
         Total |   2184 |   2094 |     90 |    167 |   1486 |   3 |  728.0 |
       Dungeon |   2184 |   2094 |     90 |    167 |   1486 |   3 |  728.0 |
               +--------+--------+--------+--------+--------+-----+--------+

Top non-repeatable levels by time:
     D:1: 1106 daAuts
     D:2: 979 daAuts
     D:3: 99 daAuts
